 Dungeon Crawl Stone Soup version 0.30-a0-857-gcaf70739d4 (webtiles) character file.

Game seed: 8084298553052690948

79 dolemite99 the Magician (level 4, 0/11 (33) HPs)
             Began as a Djinni Reaver on Mar 6, 2023.
             Slain by Sigmund
             ... wielding a +0 scythe
              (11 damage)
             ... on level 3 of the Dungeon.
             The game lasted 00:02:18 (4536 turns).

dolemite99 the Magician (Djinni Reaver)             Turns: 4536, Time: 00:02:19

HP:   0/11 (33)     AC:  3    Str: 11    XL:     4   Next: 62%
Gold: 102           EV: 11    Int: 16    God:
                    SH:  0    Dex: 12

rFire   + + .      SeeInvis .    a - +0 dagger (drain)
rCold   x . .      Faith    .    (no shield)
rNeg    . . .      Spirit   .    b - +0 leather armour
rPois   ∞          Reflect  .    (no helmet)
rElec   .          Rampage  .    (no cloak)
rCorr   .                        (no gloves)
Will    .....                    (boots unavailable)
Stlth   +                        (no amulet)
HPRegen 0.21/turn                (no ring)
MPRegen 0.00/turn                (no ring)

@: flying, extremely drained
A: sickness immunity, fire resistance 2, cold vulnerability 1, float, innate
caster, HP casting, extra vitality 1
a: no special abilities


You were on level 3 of the Dungeon.
You visited 1 branch of the dungeon, and saw 4 of its levels.

You collected 102 gold pieces.

Inventory:

Hand Weapons
 a - a +0 dagger of draining (weapon)
 c - a +0 short sword
 f - a +4 heavy hand axe
Armour
 b - a +0 leather armour (worn)
Jewellery
 d - a +5 ring of evasion
Scrolls
 e - 2 scrolls of noise {unknown}
 k - a scroll of identify {unknown}
 l - a scroll of teleportation {unknown}
Potions
 g - 3 potions of degeneration {unknown}
 h - a potion of haste {unknown}
 i - 2 potions of flight {unknown}
 j - a potion of magic {unknown}


   Skills:
 - Level 2.0 Fighting
 - Level 2.6 Short Blades
 - Level 2.1 Dodging
 + Level 3.9 Spellcasting


You knew the following spells:

 Your Spells              Type           Power      Damage    Failure   Level
a - Momentum Strike       Conj/Tloc      30%        3d8       7%          2
b - Kiss of Death         Conj/Necr      60%        2d10      4%          1
c - Hailstorm             Conj/Ice       15%        3d5       13%         3
d - Beastly Appendage     Tmut           30%        N/A       4%          1
Your spell library was empty.

Dungeon Overview and Level Annotations

Branches:
Dungeon (4/15)
 Temple: D:4-7

Altars:

Shops:
D:3 [

Annotations:
D:3 Sigmund


Innate Abilities, Weirdness & Mutations

You are immune to sickness and miasma.
You are immune to poison.
Your flesh is very heat resistant. (rF++)
You are vulnerable to cold. (rC-)
You float through the air rather than walking.
You learn spells naturally, not from books.
Your magical power is your life essence.
You have superior vitality. (+4 MHP)


Message History

You start waiting.
Done waiting.
You start waiting.
Done waiting.
There is a stone staircase leading down here.
You fly downwards.
Level annotation: Sigmund The hobgoblin hits you.
Sigmund casts a spell at you. The puff of flame hits you. You resist.
The hobgoblin barely misses you.
There is a stone staircase leading up here.
The hobgoblin hits you but does no damage.
Sigmund barely misses you.
You fly upwards.
There is a stone staircase leading down here.
Casting: Kiss of Death (safe; 4% risk of failure)
Confirm with . or Enter, or press ? or * to list all spells.
Aiming: Kiss of Death (safe; 4% risk of failure)
Press: ? - help, Shift-Dir - straight line, f - hobgoblin
Aim: a hobgoblin (100% to hit)
The negative energy hits the hobgoblin!!
The hobgoblin is drained!
You kill the hobgoblin!
You feel drained.
You start waiting.
Done waiting.
You start waiting.
Done waiting.
You start waiting.
Done waiting.
You start waiting.
Done waiting.
You start waiting.
Done waiting.
Okay, then.
You fly downwards.
Level annotation: Sigmund Sigmund hits you from afar with a +0 scythe!
Ouch! That really hurt!
You die...

##.##.# .. ### ###.....#
.#.# #....#### #....
#..#..# #...#
#..##.#####...##
##.#.......#....#####
###..#.@...............
#...##.................
##...##..)@.............
#..####.................
#..# #.........>.......
#### #.................
#.................
#################.


You could see Sigmund.

Vanquished Creatures
  4 adders (D:2)
  2 worms
  A dart slug (D:1)
  A ball python (D:1)
  4 bats
  3 endoplasms
  3 goblins
  2 hobgoblins (D:2)
  4 jackals (D:3)
  2 quokkas (D:1)
  A frilled lizard (D:1)
  3 kobolds
  5 rats
35 creatures vanquished.

Notes
Turn   | Place    | Note
-------+----------+-------------------------------------------
     0 | D:1      | dolemite99 the Djinni Reaver began the quest for the Orb.
     0 | D:1      | dolemite99 set off with the following spells memorised:
                  | Kiss of Death, Momentum Strike, Hailstorm.
     0 | D:1      | Reached XP level 1. HP: 18/18 MP: 0/0
   839 | D:1      | Reached XP level 2. HP: 19/20 MP: 0/0
   957 | D:1      | HP: 1/22 [frozen (7)]
  1359 | D:1      | Reached skill level 3 in Spellcasting
  1925 | D:2      | Reached XP level 3. HP: 24/24 MP: 0/0
  1925 | D:2      | Learned a level 1 spell: Beastly Appendage
  2647 | D:3      | You are sucked into a shaft and drop 1 floor!
  2672 | D:3      | Reached XP level 4. HP: 22/23 MP: 0/0
  2682 | D:3      | Noticed Sigmund
  2750 | D:3      | Found Taappeit's Armour Emporium.
  4536 | D:3      | Slain by Sigmund

Illustrated notes

Levels and vault maps discovered:
D:1:      lemuel_arrival_muddy, layout_loops_ring
D:2:      layout_basic
D:3:      layout_rooms, hellmonk_ecumenical_altar_arch_garden, serial_shops,
          shop_fountains, kennysheep_generic_room_4, uniq_sigmund
D:4:      layout_layer_cave, uniq_grinder

Skill      XL: |  1  2 |
---------------+-------+-----
Spellcasting   | 3 |  3.9
Fighting       | |  2.0
Short Blades   | |  2.6
Dodging        | |  2.1

Action                     |  1- 3 |  4- 6 || total
---------------------------+-------+-------++-------
  Melee: Short sword       |     6 |       ||     6
         Dagger            |    68 |    30 ||    98
   Cast: Kiss of Death     |     5 |     3 ||     8
         Momentum Strike   |       |     1 ||     1
 Armour: Leather armour    |    21 |    19 ||    40
  Dodge: Dodged            |    46 |    53 ||    99

Table legend: (Time is in decaauts)
 A = Elapsed time spent in this place.
 B = Non-inter-level travel time spent in this place.
 C = Inter-level travel time spent in this place.
 D = Time resting spent in this place.
 E = Time spent auto-exploring this place.
 F = Levels seen in this place.
 G = Mean time per level.
                   A        B        C        D        E       F      G
               +--------+--------+--------+--------+--------+-----+--------+
         Total |   4523 |   4424 |     99 |   2766 |   1242 |   4 | 1130.8 |
       Dungeon |   4523 |   4424 |     99 |   2766 |   1242 |   4 | 1130.8 |
               +--------+--------+--------+--------+--------+-----+--------+

Top non-repeatable levels by time:
     D:2: 2093 daAuts
     D:1: 1823 daAuts
     D:3: 592 daAuts
     D:4: 13 daAuts
